 Dungeon Crawl Stone Soup version 0.11.3 (webtiles) character file.

158 Banto the Changer (level 3, 0/23 HPs)
             Began as a Sludge Elf Stalker on July 30, 2020.
             Slain by a ball python (1 damage)
             ... on Level 3 of the Dungeon.
             The game lasted 00:04:51 (1727 turns).

Banto the Changer (Sludge Elf Stalker)              Turns: 1727, Time: 00:04:51

HP   0/23        AC  4     Str 10      XL: 3   Next: 87%
MP   5/5         EV 13     Int 13      God:
Gold 105         SH  0     Dex 17      Spells:  2 memorised,  2 levels left

Res.Fire  : . . .   See Invis. : .   a - +2 elf dagger {=f}
Res.Cold  : . . .   Warding    : .   b - +0 elf robe
Life Prot.: . . .   Conserve   : .   (no shield)
Res.Poison: .       Res.Corr.  : .   (no helmet)
Res.Elec. : .       Clarity    : .   c - +0 elf cloak
Sust.Abil.: . .     Spirit.Shd : .   k - +0 pair of gloves
Res.Mut.  : .       Stasis     : .   (no boots)
Res.Rott. : .       Ctrl.Telep.: .   (no amulet)
Saprovore : . . .   Levitation : .   (no ring) Ctrl.Flight: .
                                     m - ring of sustenance

@: constricted, slightly resistant to hostile enchantments, stealthy
A: Dex +1
a: no special abilities


You were on level 3 of the Dungeon.
You were not hungry.

You visited 1 branch of the dungeon, and saw 3 of its levels.

You collected 85 gold pieces.

Inventory:

Hand weapons
 a - a +2,+2 elven dagger (weapon) {=f}
Missiles
 h - 18 darts (quivered)
 i - 3 exploding darts
Armour
 b - a +0 elven robe (worn)
 c - a +0 elven cloak (worn)
 k - a +0 pair of gloves (worn)
Comestibles
 f - 2 bread rations
 q - a choko
 v - 15 grapes
Scrolls
 g - a scroll of blinking {unknown}
 j - 2 scrolls of random uselessness {unknown}
 l - 4 scrolls of amnesia {unknown}
 n - 2 scrolls of teleportation {unknown}
 s - a scroll of fear {unknown}
Jewellery
 m - a ring of sustenance (left hand)
Potions
 e - 4 potions of confusion
 o - a potion of restore abilities {unknown}
 p - a potion of curing
 r - a potion of water
 u - a potion of invisibility {unknown}
Books
 d - a book of Stalking

   Spells                             Type                      Level
   *Fulsome Distillation              Transmutation/Necromancy     1
   *Evaporate                         Fire/Transmutation           2
   Passwall                           Transmutation/Earth          3
   Petrify                            Transmutation/Earth          4
   Dig                                Transmutation/Earth          4


   Skills:
 - Level 1.1 Fighting
 + Level 2.1 Short Blades
 - Level 2.4 Dodging
 - Level 2.2 Stealth
 - Level 2.0 Stabbing
 + Level 1.9 Spellcasting
 + Level 1.3 Necromancy
 + Level 3.4 Transmutations


You had 2 spell levels left.
You knew the following spells:

 Your Spells              Type           Power        Failure   Level  Hunger
a - Fulsome Distillation  Trmt/Necr      N/A          12%         1    ##.....
b - Evaporate             Fire/Trmt      ##.....      21%         2    ###....


Dungeon Overview and Level Annotations

Branches:
Dungeon (3/27)

Altars:
Makhleb


Innate Abilities, Weirdness & Mutations

You are agile (Dex +1).


Message History

The ball python grabs you.
You stop ascending the stairs.
The ball python constricts you.
Your attempt to break free from the ball python fails, but you feel that another attempt might succeed.
The gnoll barely misses you. The ball python closely misses you.
The ball python constricts you.
A gnoll comes into view. It is wielding a club.
You escape the ball python's grasp.
The gnoll picks up a dart.
The gnoll hits you from afar with a halberd!
* * * LOW HITPOINT WARNING * * *
The ball python bites you but does no damage.
* * * LOW HITPOINT WARNING * * *
The ball python grabs you.
You stop ascending the stairs.
* * * LOW HITPOINT WARNING * * *
The ball python constricts you.
Your attempt to break free from the ball python fails, but you feel that another attempt might succeed.
The gnoll shouts!
The gnoll throws a dart.
The dart hits you!
* * * LOW HITPOINT WARNING * * *
The ball python bites you but does no damage.
You die...

# .#
#######.###
$....#...#
.........
#...!.....
#.#.#
#.#.##
#@Sg.#
#........#
#..........
#.....(####
.....#g#
.#(####(#
....# .#
#.#.# #.#


You could see 2 gnolls and a ball python.

Vanquished Creatures
  2 adders (D:2)
  A worm (D:2)
  An orc (D:2)
  A ball python (D:2)
  A goblin (D:2)
  5 hobgoblins
  5 bats
  2 giant newts
  9 kobolds
  4 rats
31 creatures vanquished.

Vanquished Creatures (others)
  A rat (D:1)
1 creature vanquished.

Grand Total: 32 creatures vanquished

Notes
Turn   | Place    | Note
--------------------------------------------------------------
     0 | D:1      | Banto, the Sludge Elf Stalker, began the quest for the Orb.
     0 | D:1      | Reached XP level 1. HP: 13/13 MP: 1/1
    53 | D:1      | Reached skill level 1 in Short Blades
   558 | D:1      | Reached XP level 2. HP: 12/18 MP: 3/3
   929 | D:2      | Reached skill level 3 in Transmutations
   980 | D:2      | Reached XP level 3. HP: 15/23 MP: 5/5
   986 | D:2      | Reached skill level 1 in Necromancy
   997 | D:2      | Learned a level 2 spell: Evaporate
  1034 | D:2      | Gained mutation: You are agile (Dex +1). [potion of gain dexterity]
  1368 | D:2      | Found a burning altar of Makhleb.
  1646 | D:2      | HP: 1/23 [poisoned by you (poison gas)]
  1727 | D:3      | HP: 1/23 [gnoll/ dart (1)]
  1727 | D:3      | Slain by a ball python
